 Dungeon Crawl Stone Soup version 0.18-b1-10-g3f7de93 (webtiles) character file.

74 MuMo the Skirmisher (level 4, 35/35 HPs)
             Began as a Demonspawn Fighter on Apr 29, 2016.
             Quit the game on level 2 of the Dungeon.
             The game lasted 00:00:59 (1244 turns).

MuMo the Skirmisher (Demonspawn Fighter)            Turns: 1244, Time: 00:01:00

Health: 35/35      AC:  8    Str: 17    XL:     4   Next: 10%
Magic:  4/4        EV:  7    Int:  9    God:
Gold:   114        SH:  9    Dex: 13    Spells: 0 memorised, 3 levels left

rFire  . . .     SeeInvis .     a - +0 long sword
rCold  . . .     Gourm    .     b - +0 scale mail
rNeg   . . .     Faith    .     c - +0 shield
rPois  .         Spirit   .     (no helmet)
rElec  .         Dismiss  .     (no cloak)
rCorr  .         Reflect  .     (no gloves)
SustAt .         Harm     .     (no boots)
MR     .....                    (no amulet)
Stlth  ..........               (no ring)
                                (no ring)

@: not resistant to hostile enchantments, extremely unstealthy
A: thin metallic scales 1
a: no special abilities


You were on level 2 of the Dungeon.
You were very hungry.

You visited 1 branch of the dungeon, and saw 2 of its levels.

You collected 114 gold pieces.

Inventory:

Hand Weapons
 a - a +0 long sword (weapon)
 k - a +0 vampiric dagger
Armour
 b - a +0 scale mail (worn)
 c - a +0 shield (worn)
Scrolls
 e - 2 scrolls of fog {unknown}
 g - a scroll of random uselessness {unknown}
 i - a scroll of enchant armour {unknown}
 m - 3 scrolls of identify {unknown}
 n - a scroll of noise {unknown}
 o - a scroll of remove curse {unknown}
Potions
 d - 3 potions of might
 h - a potion of brilliance {unknown}
 j - a potion of curing {unknown}
Comestibles
 f - 2 bread rations
 l - a slice of pizza


   Skills:
 + Level 3.3 Fighting
 + Level 2.2 Long Blades
 + Level 3.1 Armour
 + Level 1.3 Dodging
 + Level 3.3 Shields


You had 3 spell levels left.
You didn't know any spells.

Dungeon Overview and Level Annotations

Branches:
Dungeon (2/15)

Altars:


Innate Abilities, Weirdness & Mutations

You are partially covered in thin metallic scales (AC +2).


Message History

An adder is nearby!
You hit the adder.
The adder is severely wounded.
You block the adder's attack. The adder bites you but does no damage.
An adder is nearby!
You closely miss the adder.
The adder is severely wounded.
You block the adder's attack. The adder bites you but does no damage.
An adder is nearby!
You closely miss the adder.
The adder is severely wounded.
The adder bites you but does no damage. You block the adder's attack.
You closely miss the adder.
The adder is severely wounded.
The adder bites you but does no damage. The adder barely misses you.
You hit the adder.
You kill the adder!
You have reached level 4!
You feel agile.
Are you sure you want to abandon this character and quit the game? (Confirm with "yes".)

................#
.....############
................#
####....#####.#.##
...#....#####.#..####
รท....................
##.#....#####.##.### +##
##.#....#####.##.##.....
##..........#...@.......
##......###.#.###.......
#.......# #.# .......
#.#..#### ### #....[.
#.#..# .##.## #.#... ..
.. ..#.### .. # . #.. ..


There were no monsters in sight!

Vanquished Creatures
  4 adders (D:2)
  2 giant geckos
  A ball python (D:1)
  4 giant cockroaches (D:1)
  3 hobgoblins
  4 bats (D:1)
  A giant newt (D:1)
  8 goblins
  4 kobolds
  4 rats
35 creatures vanquished.

Notes
Turn   | Place    | Note
--------------------------------------------------------------
     0 | D:1      | MuMo the Demonspawn Fighter began the quest for the Orb.
     0 | D:1      | Reached XP level 1. HP: 18/18 MP: 1/1
   232 | D:1      | Gained mutation: You are partially covered in thin metallic scales (AC +2). [demonic ancestry]
   232 | D:1      | Reached XP level 2. HP: 20/24 MP: 2/2
   644 | D:2      | Reached XP level 3. HP: 29/29 MP: 3/3
   832 | D:2      | Reached skill level 1 in Dodging
  1243 | D:2      | Reached XP level 4. HP: 35/35 MP: 4/4
  1244 | D:2      | Quit the game

Skill      XL: |  1  2  3 |
---------------+----------+-----
Shields        | 3 |  3.3
Long Blades    | 2 |  2.2
Armour         | 3 |  3.1
Dodging        | 1 |  1.3
Fighting       | |  3.3

Action                   |  1- 3 |  4- 6 || total
-------------------------+-------+-------++-------
Melee: Long sword        |   110 |       ||   110
Armor: Scale mail        |    47 |       ||    47
Dodge: Dodged            |    43 |       ||    43
Block: Shield            |    52 |       ||    52
